 Dungeon Crawl Stone Soup version 0.29.1-2-gbd0b4ee654 (webtiles) character file.

Game seed: 15687577973435471158

690 hawla the Frost Mage (level 8, -2/44 (58) HPs)
             Began as a Meteoran Ice Elementalist on Oct 27, 2022.
             Slain by a wight
             ... wielding a +0 great sword
              (6 damage)
             ... on level 6 of the Dungeon on Oct 28, 2022.
             The game lasted 00:10:28 (1985 turns).

hawla the Frost Mage (Meteoran Ice Elementalist)    Turns: 1985, Time: 00:10:29

HP:   -2/44 (58)    AC:  4    Str:  9    XL:     8   Next: 16%
MP:   8/14          EV: 13    Int: 19    God:
Gold: 203           SH:  0    Dex: 15    Spells: 6/14 levels left

rFire   . . .      SeeInvis .   h - staff of air
rCold   . . .      Faith    .   (no shield)
rNeg    . . .      Spirit   .   a - +1 robe
rPois   .          Reflect  .   (no helmet)
rElec   +          Harm     .   j - +0 cloak
rCorr   .          Rampage  .   (no gloves)
Will    +....                   (no boots)
Stlth   +.........              (no amulet)
HPRegen 0.14/turn               e - ring of wizardry
MPRegen 0.14/turn               (no ring)

@: mighty, freezing walls, hasted, glowing, heavily drained, very quick
A: sense surroundings 1, otherworldly, glowing, explore regen
a: no special abilities


You were on level 6 of the Dungeon.
You visited 1 branch of the dungeon, and saw 5 of its levels.

You collected 203 gold pieces.

Inventory:

Hand Weapons
 g - a +4 quarterstaff of chaos
Armour
 a - a +1 robe (worn)
 j - a +0 cloak (worn)
Magical Staves
 h - a staff of air (weapon)
Jewellery
 e - a ring of wizardry (left hand)
 q - the ring "Punkol" {Fire rElec Dex+4}
   (You found it on level 3 of the Dungeon)

   [ring of fire]

   It enhances your fire magic.
   Dex:       It affects your dexterity (+4).
   rF:        It protects you from fire.
   rC:        It makes you vulnerable to cold.
   rElec:     It insulates you from electricity.
Scrolls
 m - a scroll of enchant armour
 o - a scroll of identify
Potions
 b - a potion of magic
 c - a potion of cancellation
 d - 3 potions of lignification
 f - a potion of brilliance
 i - a potion of might
 k - a potion of curing
 l - 2 potions of resistance
 p - a potion of haste


   Skills:
 + Level 0.4 Fighting
 + Level 0.3 Staves
 + Level 2.8 Dodging
 - Level 1.4 Stealth
 + Level 3.7 Spellcasting
 + Level 0.2 Conjurations
 + Level 9.0 Ice Magic
 + Level 2.0 Air Magic
 + Level 2.0 Evocations


You had 6 spell levels left.
You knew the following spells:

 Your Spells              Type           Power      Damage    Failure   Level
a - Freeze                Ice            100%       1d11      1%          1
b - Frozen Ramparts       Ice            74%        1d12      1%          3
c - Hailstorm             Conj/Ice       21%        3d6       9%          4

Your spell library contained the following spells:

 Spells                   Type           Power      Damage    Failure   Level
 Ozocubu's Armour         Ice            37%        N/A       1%          3
 Tukima's Dance           Hex            3%         N/A       16%         3
 Passage of Golubria      Tloc           3%         N/A       45%         4
 Yara's Violent Unravell  Hex/Tmut       1%         3d3       80%         5


Dungeon Overview and Level Annotations

Branches:
Dungeon (4/15) Zot: 1001
 Temple: D:4-7

Altars:
Elyvilon
Fedhas
Qazlal
Ru
Sif Muna
Uskayaw


Innate Abilities, Weirdness & Mutations

You passively map a small area around you.
You are easily found by Zot.
You glow in the dark.
You regain HP and MP as you explore.


Message History

The wight hits you with a +0 battleaxe.
You hit the wight.
The wight is heavily damaged.
The wight hits you but does no damage. The wight hits you with a +0 battleaxe.
You feel drained.
You closely miss the wight.
The wight is heavily damaged.
The wight hits you with a +0 battleaxe.
You barely miss the wight.
The wight is heavily damaged.
You hit the wight.
The wight is moderately damaged.
Casting: Hailstorm (dangerous; 9% risk of failure)
Confirm with . or Enter, or press ? or * to list all spells.
Casting: Frozen Ramparts (safe; 1% risk of failure)
Press: ? - help, Dir - look around, f - activate The walls around you are covered in ice.
The wight resists.
The wall freezes the wight.
The wight closely misses you.
The wall freezes the wight but does no damage.
The wight closely misses you.
The wight resists.
The wall freezes the wight.
The wight hits you with a +3 flail!
* * * LOW HITPOINT WARNING * * *
You feel drained.
* * * LOW HITPOINT WARNING * * *
Okay, then.
It was a potion of curing.
You feel better.
The wall freezes the wight but does no damage.
The wight hits you with a +0 great sword!
* * * LOW HITPOINT WARNING * * *
You feel drained.
* * * LOW HITPOINT WARNING * * *
The wight completely resists.
The wall freezes the wight but does no damage.
The wight closely misses you.
The wall freezes the wight but does no damage.
The wight completely misses you.
It was a potion of haste.
You feel yourself speed up.
The wight resists.
The wall freezes the wight.
The wight hits you with a +0 great sword.
You die...

*, ,* * * , , .
,, * * #. , § , ,
°** * §☼ , * ##☼
* ,,§§# #☼○# ,
§☼# , , ☼§## ,☼☼#
### ,##z##☼§#
###.., ##§z@§○#
......*##☼§z##○☼#
#...##☼§### ,## *
#§(### * #, ##)##
#., ##.## *#)##
##.z.#
....#*###...##
#..##..z.##


You could see 3 wights.

Vanquished Creatures
  2 water moccasins
  A black bear (D:6)
  2 kobold brigands (D:6)
  A wight (D:6)
  A jelly (D:6)
  2 hounds (D:6)
  Crazy Yiuf (D:2)
  2 adders (D:2)
  A worm (D:2)
  3 dart slugs
  An orc (D:3)
  3 endoplasms
  4 hobgoblins
  4 jackals (D:2)
  2 quokkas
  6 ball pythons
  A bat (D:2)
  A frilled lizard (D:2)
  17 kobolds
  3 rats
58 creatures vanquished.

Notes
Turn   | Place    | Note
-------+----------+-------------------------------------------
     0 | D:1      | hawla the Meteoran Ice Elementalist began the quest for the
                  | Orb.
     0 | D:1      | Reached XP level 1. HP: 14/14 MP: 5/5
   114 | D:1      | Reached XP level 2. HP: 20/20 MP: 3/6
   188 | D:1      | Found a faded altar of an unknown god.
   500 | D:1      | Glimpsed the power of Zot.
   559 | D:2      | Reached XP level 3. HP: 20/26 MP: 6/8
   563 | D:2      | Learned a level 3 spell: Frozen Ramparts
   602 | D:2      | Reached skill level 1 in Air Magic
   602 | D:2      | Reached skill level 1 in Evocations
   803 | D:2      | Found a runed translucent door.
   804 | D:2      | Noticed Crazy Yiuf
   811 | D:2      | Killed Crazy Yiuf
   812 | D:2      | Reached skill level 5 in Ice Magic
   812 | D:2      | Reached XP level 4. HP: 20/33 MP: 1/9
   824 | D:2      | Learned a level 4 spell: Hailstorm
  1038 | D:2      | Reached XP level 5. HP: 38/38 MP: 6/10
  1058 | D:2      | Found a shimmering blue altar of Sif Muna.
  1095 | D:2      | Glimpsed the power of Zot.
  1134 | D:3      | Found a sacrificial altar of Ru.
  1222 | D:3      | Found a white marble altar of Elyvilon.
  1456 | D:3      | Noticed a +0 falchion
  1457 | D:3      | Noticed a +0 spear
  1457 | D:3      | Noticed a +0 dagger
  1458 | D:3      | Noticed a +0 short sword
  1458 | D:3      | Noticed a +0 spear
  1458 | D:3      | Noticed a +0 dagger
  1459 | D:3      | Noticed a +0 falchion
  1459 | D:3      | Noticed a +0 short sword
  1462 | D:3      | Found a hide-covered altar of Uskayaw.
  1466 | D:3      | Noticed a water moccasin
  1479 | D:3      | Killed a water moccasin
  1480 | D:3      | Reached skill level 6 in Ice Magic
  1480 | D:3      | Reached XP level 6. HP: 18/45 MP: 4/11
  1598 | D:3      | Found a stormy altar of Qazlal.
  1616 | D:3      | Identified the ring "Punkol" {Fire rElec Dex+4}
  1629 | D:3      | Found a blossoming altar of Fedhas.
  1691 | D:3      | Glimpsed the power of Zot.
  1724 | D:4      | You fall into a shaft and drop 2 floors!
  1737 | D:6      | Reached skill level 7 in Ice Magic
  1765 | D:6      | Reached XP level 7. HP: 44/50 MP: 5/12
  1804 | D:6      | Reached skill level 8 in Ice Magic
  1831 | D:6      | Noticed a water moccasin
  1846 | D:6      | Killed a water moccasin
  1847 | D:6      | Reached XP level 8. HP: 57/57 MP: 7/14
  1904 | D:6      | Reached skill level 9 in Ice Magic
  1985 | D:6      | Slain by a wight

Illustrated notes

Levels and vault maps discovered:
D:1:      minmay_arrival_plants_in_alcoves, layout_loops_cross,
          ebering_ecumenical_altar_sacrificial, minmay_liquid_box,
          dreamdust_princess_corridor
D:2:      layout_loops_ring, basic_altar, uniq_crazy_yiuf_cottage
D:3:      layout_loops_ring, grunt_temple_overflow_forces_of_nature,
          old_standard_altar, nicolae_uskayaw_en_pointe,
          nicolae_ru_awakened_eye, minmay_misc_feat_five
D:4:      layout_cave_pools, lemuel_coloured_pillars_altar,
          kennysheep_minor_cross, uniq_menkaure
D:6:      layout_layer_cave, kennysheep_decorative_pillar

Skill      XL: |  1  2  3  4  5  6  7  8 |
---------------+-------------------------+-----
Air Magic      | 2 |  2.0
Evocations     | 2 |  2.0
Spellcasting   | 3 |  3.7
Ice Magic      | 5 6 7 8 9 |  9.0
Fighting       | |  0.4
Staves         | |  0.3
Dodging        | |  2.8
Stealth        | |  1.4
Conjurations   | |  0.2

Action                   |  1- 3 |  4- 6 |  7- 9 || total
-------------------------+-------+-------+-------++-------
Melee: Staff             |    10 |    38 |    30 ||    78
       Punch             |       |     1 |     1 ||     2
 Cast: Freeze            |    23 |     5 |     9 ||    37
       Frozen Ramparts   |     6 |    12 |     6 ||    24
       Hailstorm         |       |     2 |     1 ||     3
  Use: Scroll            |     3 |     8 |     1 ||    12
       Potion            |       |       |     4 ||     4
Armor: Robe              |     6 |    13 |     9 ||    28
       Skin              |       |       |    14 ||    14
Dodge: Dodged            |    16 |    25 |    23 ||    64
